 Dungeon Crawl Stone Soup version 0.21-a0-442-g848f44b (webtiles) character file.

15381 kae the Geomancer (level 12, -5/72 HPs)
             Began as a Gargoyle Earth Elementalist on Nov 12, 2017.
             Slain by Rupert
             ... wielding a +3 battleaxe of chopping
              (7 damage)
             ... on level 3 of the Lair of Beasts.
             The game lasted 00:19:07 (14404 turns).

kae the Geomancer (Gargoyle Earth Elementalist)    Turns: 14404, Time: 00:19:07

Health: -5/72      AC: 13    Str: 12    XL:     12   Next: 26%
Magic:  4/25       EV: 15    Int: 21    God:
Gold:   710        SH:  5    Dex: 13    Spells: 20/29 levels left

rFire    . . .     SeeInvis +   R - staff of wizardry
rCold    + . .     Gourm    .   B - +0 buckler
rNeg     + . .     Faith    .   y - +0 robe {rC+}
rPois    ∞         Spirit   .   (no helmet)
rElec    +         Reflect  .   (no cloak)
rCorr    .         Harm     .   o - +2 pair of gloves
MR       .....                  (no boots)
Stlth    ++........             I - amulet of magic regeneration
HPRegen  0.22/turn              t - ring of see invisible
MPRegen  0.44/turn              P - +3 ring of dexterity

@: no status effects
A: negative energy resistance 1, electricity resistance, unbreathing,
petrification resistance, rot immunity, AC +8
a: no special abilities


You were on level 3 of the Lair of Beasts.
You were near starving.

You visited 2 branches of the dungeon, and saw 12 of its levels.

You collected 710 gold pieces.

Inventory:

Hand Weapons
 a - a +1 club
 J - a +2 whip of venom
Missiles
 b - 111 stones (quivered)
Armour
 c - a +0 robe
 o - a +2 pair of gloves (worn)
 y - a +0 robe of cold resistance (worn)
 B - a +0 buckler (worn)
Magical Staves
 Q - an uncursed staff of cold
 R - an uncursed staff of wizardry (weapon)
Jewellery
 g - an uncursed ring of resist corrosion
 p - an uncursed ring of magical power
 q - an uncursed amulet of regeneration
 t - a ring of see invisible (left hand)
 D - an uncursed ring of ice
 I - an amulet of magic regeneration (around neck)
 N - the amulet "Atheal" {Reflect Int+4 Dex-3 SH+6}
   (You found it on level 1 of the Lair of Beasts)

   [amulet of reflection]

   It shields you and reflects attacks.
   It affects your intelligence (+4).
   It affects your dexterity (-3).
   It affects your SH (+6).
 P - a +3 ring of dexterity (right hand)
 T - a cursed amulet of inaccuracy {unknown}
 U - an uncursed amulet of guardian spirit {unknown}
Wands
 i - a wand of disintegration (4/24)
 j - a wand of random effects (20/48)
 n - a wand of acid (15/15)
Scrolls
 k - 2 scrolls of enchant weapon
 m - 2 scrolls of fog
 r - 4 scrolls of immolation
 u - 2 scrolls of magic mapping
 w - 2 scrolls of fear
 x - 6 scrolls of remove curse
 F - a scroll of teleportation
 G - 2 scrolls of amnesia
 M - a scroll of identify
Potions
 f - 2 potions of flight {unknown}
 h - 2 potions of cancellation
 z - 3 potions of berserk rage
 A - a potion of agility
 C - a potion of curing {unknown}
 K - a potion of mutation {unknown}
 O - a potion of resistance {unknown}
Books
 e - a book of Geomancy

   Spells                             Type                      Level
   a - Sandblast                      Earth                        1
   b - Passwall                       Transmutation/Earth          2
   c - Stone Arrow                    Conjuration/Earth            3
   d - Petrify                        Transmutation/Earth          4
   e - Lee's Rapid Deconstruction     Earth                        5
 s - a book of Misfortune

   Spells                             Type                      Level
   a - Confusing Touch                Hexes                        1
   b - Confuse                        Hexes                        3
   c - Gell's Gravitas                Translocation                3
   d - Petrify                        Transmutation/Earth          4
   e - Metabolic Englaciation         Hexes/Ice                    5
   f - Yara's Violent Unravelling     Hexes/Transmutation          5
 v - a book of Frost

   Spells                             Type                      Level
   a - Freeze                         Ice                          1
   b - Throw Frost                    Conjuration/Ice              2
   c - Ozocubu's Armour               Charms/Ice                   3
   d - Throw Icicle                   Conjuration/Ice              4
   e - Summon Ice Beast               Ice/Summoning                4
 H - a book of Maledictions

   Spells                             Type                      Level
   a - Corona                         Hexes                        1
   b - Ensorcelled Hibernation        Hexes/Ice                    2
   c - Confuse                        Hexes                        3
   d - Tukima's Dance                 Hexes                        3
   e - Dazzling Spray                 Conjuration/Hexes            3
 L - a Young Poisoner's Handbook

   Spells                             Type                      Level
   a - Sting                          Conjuration/Poison           1
   b - Poisonous Vapours              Poison/Air                   2
   c - Mephitic Cloud                 Conjuration/Poison/Air       3
   d - Olgreb's Toxic Radiance        Poison                       4
   e - Venom Bolt                     Conjuration/Poison           5
Comestibles
 d - 7 bread rations
 l - 2 royal jellies
 E - 2 meat rations
 S - 4 fruits


   Skills:
 + Level 7.1 Fighting
 - Level 3.4(3.5) Maces & Flails
 + Level 1.2(2.5) Staves
 + Level 5.6 Dodging
 - Level 2.1 Stealth
 - Level 4.0 Shields
 * Level 9.1 Spellcasting
 * Level 10.1 Conjurations
   Level 0.7 Transmutations
 * Level 11.8 Earth Magic
 + Level 1.0 Evocations


You had 20 spell levels left.
You knew the following spells:

 Your Spells              Type           Power        Failure   Level  Hunger
a - Sandblast             Erth           ######       1%          1    None
b - Stone Arrow           Conj/Erth      ######       1%          3    None
c - Lee's Rapid Deconstr  Erth           ######....   1%          5    #####..


Dungeon Overview and Level Annotations

Branches:
Dungeon (8/15)             Temple (0/1) D:5            Lair (4/6) D:8
  Swamp: Lair:2-4    Shoals: Lair:2-4     Snake: Lair:2-4    Spider: Lair:2-4

Altars:
Gozag
Ru
Zin

Annotations:
Lair:3 Rupert


Innate Abilities, Weirdness & Mutations

You are resistant to torment.
Your stone body is resilient. (AC +8)
You are immune to poison.
You resist negative energy. (rN+)
You are resistant to electric shocks. (rElec)
You can survive without breathing.
You are immune to petrification.
You are immune to rotting.


Message History

Casting: Sandblast
Confirm with . or Enter, or press ? or * to list all spells.
Aiming: Sandblast
Press: ? - help, Shift-Dir - straight line, f/p - Rupert
Aim: Rupert, wielding a battleaxe of chopping and wearing a glowing scale mail (heavily wounded, berserk, fast, unusually strong)
The blast of sand hits Rupert.
Rupert is heavily wounded.
b - 111 stones Rupert hits you with a battleaxe of chopping!!!
Ouch! That really hurt!
* * * LOW HITPOINT WARNING * * *
x2 Unknown command.
Okay, then.
Evoke which item? (* to show all) (? for menu, Esc to quit)
Okay, then.
Okay, then.
As you read the scroll of fear, it crumbles to dust.
You assume a fearsome visage.
Rupert hits you with a battleaxe of chopping!
You die...

......## #...#######P..#
.......# ###..## ##.#P..#
......#### ###.P.##
##..P.... ..)..[.#.#
##....P#####........
..@.....##
#.#..P##.##.......##
.>.....P#
##..P.#.#.......#.##
........###
##.<.#........#######
@...#....P###P..........###
..###.##).#....@@......##
(## #####..........#####
### #.##......## ..#
###P...#### .## ##..## .#
##.# ### ## #.# #.### #
##.## ##..### # #...#
#.....##


You could see Rupert (berserk).

Vanquished Creatures
  4 hydras
  2 two-headed ogres (D:8)
  An unseen horror (D:8)
  Pikel (D:7)
  2 black mambas
  8 spiny frogs
  6 komodo dragons
  3 hippogriffs
  A basilisk (Lair:1)
  A hungry ghost (D:8)
  3 wargs (D:8)
  5 water moccasins
  8 porcupines
  A sky beast (D:8)
  2 orc warriors
  A phantom (D:8)
  3 slaves (D:7)
  A black bear (D:8)
  4 ogres
  6 wolves (Lair:3)
  A centaur (D:8)
  3 crocodiles
  7 bullfrogs
  2 scorpions
  A howler monkey (D:4)
  A centaur zombie (D:7)
  A bullfrog zombie (D:5)
  A jelly (D:7)
  4 bullfrog skeletons
  4 hounds
  6 orc priests
  A gnoll shaman (D:6)
  8 orc wizards
  2 iguanas
  Terence (D:2)
  7 worker ants
  A killer bee zombie (D:8)
  2 hound skeletons (D:8)
  3 worker ant zombies
  9 gnolls
  11 adders
  An ooze (D:3)
  An adder zombie (D:8)
  3 worms
  A dart slug (D:3)
  7 leopard geckos
  21 orcs
  8 giant cockroaches
  9 goblins
  7 hobgoblins
  3 jackals (D:1)
  4 quokkas
  8 bats
  7 frilled lizards
  9 kobolds
  A quokka skeleton (D:4)
  9 rats
  2 plants (D:2)
240 creatures vanquished.

Vanquished Creatures (collateral kills)
  An orc wizard (D:7)
  An iguana (D:7)
  3 orcs (D:7)
5 creatures vanquished.

Vanquished Creatures (others)
  4 fungi (Lair:3)
4 creatures vanquished.

Grand Total: 249 creatures vanquished

Notes
Turn   | Place    | Note
-------+----------+-------------------------------------------
     0 | D:1      | kae the Gargoyle Earth Elementalist began the quest for the Orb.
     0 | D:1      | Reached XP level 1. HP: 10/10 MP: 3/3
   266 | D:1      | Reached skill level 4 in Earth Magic
   266 | D:1      | Reached XP level 2. HP: 15/15 MP: 1/5
   718 | D:1      | Reached XP level 3. HP: 15/19 MP: 7/7
  1322 | D:2      | Learned a level 3 spell: Stone Arrow
  1567 | D:2      | Reached XP level 4. HP: 19/24 MP: 8/8
  2398 | D:2      | Paralysed by fainting for 10 turns
  2422 | D:2      | Paralysed by fainting for 7 turns
  2430 | D:2      | Paralysed by fainting for 8 turns
  2755 | D:3      | Noticed Terence
  3047 | D:2      | Reached skill level 1 in Conjurations
  3115 | D:3      | Reached skill level 5 in Earth Magic
  3541 | D:2      | Killed Terence
  3541 | D:2      | Reached XP level 5. HP: 19/28 MP: 0/9
  3833 | D:3      | Reached skill level 1 in Fighting
  3894 | D:3      | Found a sacrificial altar of Ru.
  4399 | D:4      | Noticed an ogre
  4404 | D:3      | Killed an ogre
  4404 | D:3      | Reached XP level 6. HP: 26/34 MP: 7/11
  4632 | D:4      | Reached skill level 6 in Earth Magic
  4632 | D:4      | Reached XP level 7. HP: 34/40 MP: 6/13
  5533 | D:5      | Entered Level 5 of the Dungeon
  5696 | D:5      | Found a glowing silver altar of Zin.
  5838 | D:5      | Found a staircase to the Ecumenical Temple.
  6005 | D:5      | Reached XP level 8. HP: 45/45 MP: 14/14
  6621 | D:6      | Reached skill level 7 in Earth Magic
  6960 | D:6      | Reached skill level 5 in Spellcasting
  7288 | D:6      | Found an opulent altar of Gozag.
  7476 | D:7      | Noticed Pikel
  7705 | D:7      | Reached skill level 5 in Conjurations
  7891 | D:7      | Noticed a hippogriff
  7905 | D:7      | Killed a hippogriff
  8148 | D:7      | Killed Pikel
  8148 | D:7      | Reached skill level 1 in Shields
  8148 | D:7      | Reached skill level 8 in Earth Magic
  8148 | D:7      | Reached XP level 9. HP: 49/52 MP: 4/17
  8906 | D:7      | Learned a level 5 spell: Lee's Rapid Deconstruction
  9122 | D:8      | Noticed an unseen horror
  9158 | D:8      | Killed an unseen horror
  9158 | D:8      | Reached skill level 9 in Earth Magic
  9381 | D:8      | Reached XP level 10. HP: 58/58 MP: 19/19
  9523 | D:8      | Found a staircase to the Lair.
  9654 | D:8      | Noticed a two-headed ogre
  9669 | D:8      | Killed a two-headed ogre
  9669 | D:8      | Reached skill level 5 in Fighting
  9764 | D:8      | Noticed a two-headed ogre
  9769 | D:8      | Killed a two-headed ogre
 10155 | D:8      | Reached skill level 10 in Earth Magic
 10679 | Lair:1   | Entered Level 1 of the Lair of Beasts
 10716 | Lair:1   | Noticed a spiny frog
 10892 | Lair:1   | Killed a spiny frog
 10892 | Lair:1   | Reached skill level 1 in Maces & Flails
 10925 | Lair:1   | Noticed a spiny frog
 10929 | Lair:1   | Killed a spiny frog
 10929 | Lair:1   | Reached XP level 11. HP: 55/64 MP: 22/22
 11000 | Lair:1   | Noticed a five-headed hydra
 11009 | Lair:1   | Killed a five-headed hydra
 11311 | Lair:1   | Got a bound steel amulet
 11325 | Lair:1   | Reached skill level 5 in Dodging
 11524 | Lair:1   | Noticed a seven-headed hydra
 11530 | Lair:1   | Killed a seven-headed hydra
 11800 | Lair:2   | Reached skill level 11 in Earth Magic
 11896 | Lair:2   | Noticed a four-headed hydra
 11903 | Lair:2   | Killed a four-headed hydra
 12302 | Lair:2   | Noticed a six-headed hydra
 12311 | Lair:2   | Killed a six-headed hydra
 12473 | Lair:2   | Reached XP level 12. HP: 71/71 MP: 19/24
 13044 | Lair:3   | Identified the amulet "Atheal" {Reflect Int+4 Dex-3 SH+6} (You found it on level 1 of the Lair of Beasts)
 13370 | Lair:3   | Reached skill level 10 in Conjurations
 13444 | Lair:3   | Reached skill level 1 in Staves
 13858 | Lair:3   | Reached skill level 1 in Evocations
 14158 | Lair:4   | Noticed Rupert
 14403 | Lair:3   | HP: 3/72 [Rupert/battleaxe of chopping (40)]
 14404 | Lair:3   | Slain by Rupert

Vault maps used:
D:1:      dpeg_arrival_simpleton_c
D:2:      serial_bayou, serial_bayou_shore_a, serial_bayou_ford_a,
          serial_bayou_pond_a, serial_bayou_lagoon_a, first_bread
D:3:      minmay_misc_feat_cross, nicolae_ru_great_annihilating_truth,
          uniq_terence
D:5:      lemuel_crystal_altar, minmay_temple_entry_statues_pillars,
          minmay_misc_feat_enclosed
D:6:      grunt_gozag_breadcrumbs
D:7:      uniq_pikel
D:8:      erik_lair_orcish_takeover
Lair:2:   beast_lair_carwin_11
Lair:4:   minmay_shoals_entry_hut, spider_nest_entry_web_field,
          beast_lair_carwin_3, uniq_rupert

Skill      XL: |  1  2  3  4  5  6  7  8  9 10 11 12 |
---------------+-------------------------------------+-----
Earth Magic    | 4 5 6 8 9 10 11 | 11.8
Spellcasting   | 3 4 5 6 7 8 9 |  9.1
Conjurations   | 1 2 3 4 6 7 8 9 10 | 10.1
Fighting       | 1 2 4 5 6 7 |  7.1
Dodging        | 2 3 4 5 |  5.6
Shields        | 1 2 4 |  4.0
Maces & Flails | 1 3 |  3.4
Staves         | 1 |  1.2
Evocations     | 1 |  1.0
Stealth        | |  2.1
Transmutations | |  0.7

Action                   |  1- 3 |  4- 6 |  7- 9 | 10-12 || total
-------------------------+-------+-------+-------+-------++-------
Melee: Club              |   148 |   575 |   181 |    35 ||   939
       Unarmed           |     5 |       |       |       ||     5
       Whip              |       |       |       |    40 ||    40
       Staff             |       |       |       |     8 ||     8
 Cast: Sandblast         |     8 |    52 |    93 |    36 ||   189
       Stone Arrow       |     2 |    29 |    89 |   134 ||   254
       Lee's Rapid Decon |       |       |       |    28 ||    28
  Use: Scroll            |     2 |       |    16 |     5 ||    23
       Potion            |       |       |     1 |       ||     1
 Stab: Sleeping          |     1 |       |     1 |       ||     2
  Eat: Chunk             |     3 |    10 |    20 |    14 ||    47
       Bread ration      |       |     1 |       |       ||     1
       Fruit             |       |       |     1 |     1 ||     2
       Royal jelly       |       |       |       |     3 ||     3
Armor: Robe              |    65 |    43 |    99 |    47 ||   254
       Skin              |       |       |    18 |       ||    18
Dodge: Dodged            |   115 |   122 |   169 |   102 ||   508
Block: Buckler           |       |       |    12 |    26 ||    38

Table legend:
 A = Spawn XP
 B = Non-spawn XP
 C = Spawn XP percentage of total XP
 D = Spawn monster count
 E = Non-spawn monster count
 F = Spawn count percentage of total count
 G = Total turns spent on level
                    A         B        C        D         E        F      G
               +---------+---------+-------+---------+---------+-------+---------
         Total |       0 |   21974 |   0.0 |       0 |     240 |   0.0 | 14404
               +---------+---------+-------+---------+---------+-------+---------
           D:1 |       0 |      54 |   0.0 |       0 |      24 |   0.0 |  1123
           D:2 |       0 |      97 |   0.0 |       0 |      22 |   0.0 |  2304
           D:3 |       0 |     268 |   0.0 |       0 |      31 |   0.0 |  1041
           D:4 |       0 |     569 |   0.0 |       0 |      21 |   0.0 |  1172
           D:5 |       0 |     295 |   0.0 |       0 |      15 |   0.0 |   961
           D:6 |       0 |     505 |   0.0 |       0 |      17 |   0.0 |  1069
           D:7 |       0 |    1444 |   0.0 |       0 |      25 |   0.0 |  1422
           D:8 |       0 |    4530 |   0.0 |       0 |      35 |   0.0 |  1785
        Lair:1 |       0 |    5639 |   0.0 |       0 |      18 |   0.0 |  1151
        Lair:2 |       0 |    5406 |   0.0 |       0 |      15 |   0.0 |  1015
        Lair:3 |       0 |    3167 |   0.0 |       0 |      17 |   0.0 |  1359
               +---------+---------+-------+---------+---------+-------+---------
